 Dungeon Crawl Stone Soup version bcrawl-1.41.1 (webtiles) character file.

Game seed: 13645643479534884226

454131 Grimmash the Cruncher (level 14, -2/118 HPs)
             Began as a Djinni Archaeologist on Apr 16, 2024.
             Was the Champion of Cheibriados.
             Slain by a cane toad (14 damage)
             ... on level 6 of the Lair of Beasts.
             The game lasted 00:36:15 (18291 turns).

Grimmash the Cruncher (Djinni Archaeologist)       Turns: 18291, Time: 00:36:16

Health: -2/118     AC: 15    Str: 29    XL:     14   Next: 9%
Magic:  54/54      EV: 23    Int: 37    God:    Cheibriados [******]
Gold:   716        SH:  0    Dex: 24    Spells: 31/35 levels left

rFire    + . .     GDR:     40% a - +9 staff of Wucad Mu {crush, +Abjure *Drain MP+20}
rCold    + . .     SeeInvis +   (no shield)
rNeg     . . .     Gourm    .   K - +2 scale mail {rC+}
rPois    .         Faith    .   S - +2 hat {SInv}
rElec    .         Spirit   .   q - +0 cloak
rCorr    .         Reflect  .   g - +0 pair of gloves
MR       ++...     Clarity  +   (boots unavailable)
Stlth    ++........             O - amulet of regeneration
HPRegen  1.91/turn              J - ring of protection from magic
MPRegen  0.34/turn              G - +4 ring of evasion

@: flying, starving, very slow
A: never pass out, berserk 2, blink, blurry vision 2, fire resistance 1, high mp
2, wild magic 3, disrupted magic 1, MP-powered wands, floating
a: Blink, Bend Time, Defer, Temporal Distortion, Step From Time, Renounce
Religion


You were on level 6 of the Lair of Beasts.
You worshipped Cheibriados.
Cheibriados was exalted by your worship.
You were starving.

You visited 3 branches of the dungeon, and saw 15 of its levels.
You also visited: Sewer and Ice Cave.

You collected 956 gold pieces.
You spent 240 gold pieces at shops.

Inventory:

Hand Weapons
 a - the +9 staff of Wucad Mu (weapon) {crush, +Abjure *Drain MP+20}
   (You acquired it in a sewer)

   It will always inflict at least some extra damage.
   This minimum extra damage increases with your current reserve of magical
   power.
   It affects your magic capacity (+20).
   It causes draining when unequipped.
 b - a +1 blowgun
 L - a +3 morningstar of freezing
Missiles
 f - 36 curare-tipped needles
 p - 176 poisoned needles
 w - 59 poisoned tomahawks
 B - 2941 stones (quivered)
 W - 41 needles of confusion
Armour
 g - a +0 pair of gloves (worn)
 q - a +0 cloak (worn)
 K - a +2 scale mail of cold resistance (worn)
 S - a +2 hat of see invisible (worn)
 X - a +1 medium shield of cold resistance
Jewellery
 y - an uncursed ring of insulation
 G - a +4 ring of evasion (right hand)
 J - a ring of protection from magic (left hand)
 M - an uncursed ring of protection from cold
 O - an amulet of regeneration (around neck)
Wands
 d - a wand of paralysis (11)
 r - a wand of iceblast (8)
 E - a wand of polymorph (23)
 P - a wand of flame (22)
 U - a wand of random effects (9)
Scrolls
 c - a scroll of vulnerability
 h - a scroll of enchant armour
 i - a scroll of identify
 j - a scroll of teleportation
 k - 3 scrolls of fog
 m - 6 scrolls of enchant weapon
 n - a scroll of blinking
 s - 7 scrolls of remove curse
 x - a scroll of immolation
 C - 2 scrolls of amnesia
 N - a scroll of summoning
Potions
 l - a potion of brilliance {unknown}
 t - 5 potions of flight
 u - a potion of magic {unknown}
 v - 12 potions of mutation
 z - a potion of agility
 A - 3 potions of invisibility
 D - 2 potions of ambrosia
 F - 3 potions of resistance
 H - a potion of might
 I - 2 potions of curing
 V - a potion of lignification
Miscellaneous
 Q - a phial of floods (inert)
 T - a box of beasts
Comestibles
 e - 32 rations {!d}


   Skills:
 * Level 9.2 Fighting
 + Level 1.8(7.4) Maces & Flails
 * Level 11.1(11.2) Staves
 + Level 2.9 Throwing
 * Level 9.2 Armour
 * Level 8.7 Dodging
 + Level 3.9 Stealth
 * Level 3.2 Shields
 * Level 11.0 Spellcasting
 * Level 6.0 Conjurations
 * Level 4.6 Fire Magic
 * Level 7.8 Invocations
 * Level 8.8 Evocations


You had 31 spell levels left.
You knew the following spells:

 Your Spells              Type           Power        Failure   Level  Hunger
a - Magic Dart            Conj           ####         6%          1    None
b - Conjure Flame         Conj/Fire      #######.     12%         3    None

Your spell library contained the following spells:

 Spells                   Type           Power        Failure   Level  Hunger
 Static Discharge         Air            #####.       21%         1    None
 Mephitic Cloud           Conj/Pois/Air  ######..     24%         3    None
 Blink                    Tloc           N/A          26%         2    None
 Call Imp                 Summ           #####.       26%         2    None
 Spider Form              Tmut/Pois      ###          38%         3    None
 Lightning Bolt           Conj/Air       ######..     38%         4    None
 Summon Lightning Spire   Summ/Air       #####...     92%         5    ###....
 Conjure Ball Lightning   Conj/Air       ######....   98%         6    #####..
 Chain Lightning          Conj/Air       ######....   100%        8    #######


Dungeon Overview and Level Annotations

Branches:
Dungeon (8/12)             Temple (1/1) D:4            Lair (6/6) D:7
  Swamp (0/3) Lair:2       Spider (0/3) Lair:2          Elf (0/3) Lair:6
    Orc: D:8-11

Altars:
Ashenzari
Cheibriados
Dithmenos
Elyvilon
Fedhas
Gozag
Hepliaklqana
Kikubaaqudgha
Lugonu
Makhleb
Nemelex Xobeh
Okawaru
Qazlal
Ru
Sif Muna
Trog
Uskayaw
Vehumet
Wu Jian
Xom
Yredelemnul
Zin
The Shining One

Shops:
D:8 :

Annotations:
D:8 2 transporters
Lair:1 exclusion: hydra
Lair:2 2 transporters
Lair:3 Urug


Innate Abilities, Weirdness & Mutations

You never pass out after going berserk.
You often lose your temper in combat.
You can translocate small distances at will.
Scrolls take you longer to read.
Your flesh is heat resistant. (rF+)
You have a considerably increased reservoir of magic. (+20% MP)
Your spells are much harder to cast, but much more powerful.
Your casting is slightly disrupted.
You expend magic power (3 MP) to strengthen your wands.
Your body floats in the air.


Message History

The blink frog blinks!
No path to travel!
No path to travel!
You feel better.
The blink frog blinks!
No path to travel!
No path to travel!
You hit the cane toad.
Ssssck.
The cane toad is lightly wounded.
The black mamba bites you!
* * * LOW HITPOINT WARNING * * *
The cane toad misses you.
No path to travel!
No path to travel!
Your blurry vision makes reading the scroll take longer!
The black mamba completely misses you. The cane toad completely misses you.
The black mamba barely misses you.
You begin reading the scroll.
You continue reading the scroll.
The black mamba closely misses you.
The blink frog blinks!
The cane toad hits you!
You die...

...... ......YF.Y.#
.......
.......##........#
..#....
...............P##
..............###
...............
F..........P..##
.....§......P..
.......F......#.
...F...@.F...#
......S†..?....
...!........###
..........F#.#
..........## #
..F......##
.........#
..................P
............


You could see a black mamba, 3 cane toads and 3 blink frogs.

Vanquished Creatures
  Rupert (Lair:4)
  A frost giant (IceCv)
  4 hydras
  A catoblepas (Lair:3)
  A two-headed ogre (D:8)
  An ugly thing (D:7)
  2 will-o'-wisps (Lair:2)
  9 elephants
  An ice statue (IceCv)
  5 black mambas
  A torpor snail (Lair:3)
  8 cane toads
  3 jumping spiders (Lair:2)
  7 komodo dragons
  An eye of draining (D:8)
  2 ice devils (Lair:2)
  A troll (D:7)
  19 polar bears (IceCv)
  4 blink frogs (Lair:5)
  6 dream sheep
  4 hippogriffs
  21 yaks
  A hungry ghost (D:8)
  A hog (Lair:3)
  3 redbacks (Lair:2)
  4 vampire mosquitoes (Lair:6)
  An acid dragon (Lair:4)
  16 crocodiles
  3 water moccasins
  9 porcupines
  An orc warrior (D:6)
  2 black bears
  3 ice beasts
  4 sky beasts
  A hornet zombie (D:7)
  2 phantoms
  18 wolves
  2 ogres
  10 bullfrogs
  2 kobold brigands
  A centaur (D:6)
  2 wyvern skeletons (D:8)
  A scorpion (D:7)
  6 killer bees
  3 electric eels (D:6)
  3 wights (D:6)
  2 orc priests
  3 howler monkeys
  3 crimson imps
  2 bullfrog zombies (D:4)
  3 hounds
  3 jellies
  A bullfrog skeleton (D:5)
  4 iguanas
  Ijyb (D:4)
  Terence (D:2)
  5 orc wizards
  6 worker ants
  2 killer bee zombies
  3 hound zombies
  A hound skeleton (D:8)
  A worker ant zombie (D:6)
  3 gnolls (D:5)
  A howler monkey skeleton (D:7)
  12 adders
  2 shadow imps (D:5)
  An adder zombie (D:4)
  12 oozes
  2 adder skeletons
  6 worms
  5 dart slugs
  9 leopard geckos
  14 orcs
  5 ball pythons
  13 giant cockroaches
  8 hobgoblins
  5 jackals
  12 kobolds
  5 quokkas
  2 bats
  11 frilled lizards
  4 goblins
  A jackal zombie (D:4)
  4 rats (D:1)
  A fungus (Lair:1)
  2 plants (Lair:1)
383 creatures vanquished.

Vanquished Creatures (collateral kills)
  Gastronok (Lair:1)
  Kirke (Lair:3)
  A hydra (Lair:4)
  6 elephants
  A cane toad (Lair:6)
  A blink frog (Lair:5)
  3 yaks (Lair:3)
  A hog (Lair:3)
  A vampire mosquito (Lair:6)
  A wolf (Lair:5)
  A bullfrog (Lair:5)
18 creatures vanquished.

Vanquished Creatures (others)
  A human (Lair:3)
  15 fungi
  48 plants
  9 toadstools (Lair:1)
73 creatures vanquished.

Grand Total: 474 creatures vanquished

Notes
Turn   | Place    | Note
-------+----------+-------------------------------------------
     0 | D:1      | Grimmash the Djinni Archaeologist began the quest for the
                  | Orb.
     0 | D:1      | Reached XP level 1. HP: 16/16 MP: 1/1
   324 | D:1      | Reached XP level 2. HP: 23/23 MP: 2/2
   506 | D:1      | Reached skill level 1 in Spellcasting
  1077 | D:2      | Reached XP level 3. HP: 22/29 MP: 4/4
  1166 | D:2      | Noticed Terence
  1205 | D:2      | Killed Terence
  1368 | D:2      | Found a corrupted altar of Lugonu.
  1550 | D:2      | Gained mutation: Your spells are harder to cast, but more
                  | powerful. [Djinni growth]
  1550 | D:2      | Gained mutation: You can translocate small distances at
                  | will. [Djinni growth]
  1550 | D:2      | Reached XP level 4. HP: 34/37 MP: 6/6
  1601 | D:2      | Found a shimmering altar of Xom.
  1707 | D:2      | Found a radiant altar of Vehumet.
  1917 | D:2      | Found a shimmering blue altar of Sif Muna.
  2589 | D:3      | Found a glowing drain.
  2625 | Sewer    | Entered a sewer
  2708 | Sewer    | Reached XP level 5. HP: 29/45 MP: 6/8
  2708 | Sewer    | Identified a scroll of acquirement
  2710 | Sewer    | Identified the amulet "Abbae" {RegenMP rF+ Str+4 Dex+3}
                  | (You acquired it in a sewer)
  2710 | Sewer    | Found the +9 staff of Wucad Mu {crush, +Abjure *Drain
                  | MP+20}
  2872 | Sewer    | Reached skill level 1 in Staves
  2925 | Sewer    | Reached skill level 1 in Armour
  2925 | Sewer    | Reached XP level 6. HP: 34/52 MP: 10/10
  4018 | D:4      | Noticed a crocodile
  4166 | D:4      | Killed a crocodile
  4167 | D:4      | Reached XP level 7. HP: 53/59 MP: 12/12
  4213 | D:4      | Noticed Ijyb
  4311 | D:4      | Killed Ijyb
  4312 | D:4      | Reached skill level 1 in Evocations
  4440 | D:4      | Found a staircase to the Ecumenical Temple.
  4557 | Temple   | Entered the Ecumenical Temple
  5194 | D:4      | Found an opulent altar of Gozag.
  5195 | D:4      | Found a sparkling altar of Nemelex Xobeh.
  5237 | D:4      | Found a basalt altar of Yredelemnul.
  5319 | D:5      | Entered Level 5 of the Dungeon
  5413 | D:5      | Gained mutation: Your spells are much harder to cast, but
                  | much more powerful. [Djinni growth]
  5413 | D:5      | Reached XP level 8. HP: 56/67 MP: 14/14
  5478 | D:5      | Found a snail-covered altar of Cheibriados.
  5486 | D:5      | Became a worshipper of Cheibriados the Contemplative
  5819 | D:5      | Reached skill level 5 in Staves
  6822 | D:5      | Reached skill level 1 in Invocations
  6837 | D:6      | Reached skill level 5 in Fighting
  6842 | D:6      | Reached skill level 5 in Spellcasting
  7024 | D:6      | Reached * piety under Cheibriados
  7287 | D:6      | Reached XP level 9. HP: 53/74 MP: 17/17
  7528 | D:6      | Reached skill level 5 in Dodging
  7870 | D:6      | Reached ** piety under Cheibriados
  7924 | D:6      | Found a sacrificial altar of Ru.
  8211 | D:6      | Found an ornate altar of the Wu Jian Council.
  8679 | D:7      | Noticed a troll
  8688 | D:7      | Killed a troll
  8749 | D:7      | Reached skill level 5 in Armour
  8769 | D:7      | Reached skill level 1 in Throwing
  8781 | D:7      | Reached XP level 10. HP: 71/83 MP: 21/21
  8809 | D:7      | Found a staircase to the Lair.
  8821 | D:7      | Reached *** piety under Cheibriados
  9014 | D:7      | Found an iron altar of Okawaru.
  9289 | D:7      | Found a shattered altar of Ashenzari.
  9295 | D:7      | Noticed a brown ugly thing
  9311 | D:7      | Killed a brown ugly thing
  9532 | D:8      | Found a glowing silver altar of Zin.
  9559 | D:8      | Noticed a two-headed ogre
  9570 | D:8      | Killed a two-headed ogre
  9795 | D:8      | Found a transporter.
  9795 | D:8      | Found a transporter.
  9795 | D:8      | Noticed a gargoyle
  9795 | D:8      | Noticed an ogre mage
  9796 | D:8      | Noticed an orc knight
  9809 | D:8      | Found an ancient bone altar of Kikubaaqudgha.
 10141 | D:8      | Found Qexutrur's Book Emporium.
 10150 | D:8      | Bought a book of Minor Magic for 240 gold pieces
 10152 | D:8      | Learned a level 1 spell: Magic Dart
 10185 | D:8      | Reached skill level 5 in Evocations
 10260 | Lair:1   | Entered Level 1 of the Lair of Beasts
 10312 | Lair:1   | Noticed a cane toad
 10319 | Lair:1   | Killed a cane toad
 10404 | Lair:1   | Reached **** piety under Cheibriados
 10551 | Lair:1   | Reached skill level 1 in Conjurations
 10551 | Lair:1   | Reached XP level 11. HP: 72/90 MP: 23/23
 10720 | Lair:1   | Reached skill level 5 in Invocations
 10799 | Lair:1   | Noticed an eight-headed hydra
 10939 | Lair:1   | Got an ancient long sword
 10942 | Lair:1   | Identified the +2 long sword of a sewer {antimagic, rElec
                  | Dex+4} (You found it on level 1 of the Lair of Beasts)
 11109 | Lair:1   | Noticed Gastronok
 11123 | Lair:1   | Killed Gastronok
 11338 | Lair:1   | Found a blossoming altar of Fedhas.
 11890 | Lair:2   | Found a staircase to the Swamp.
 11896 | Lair:2   | Noticed a phantasmal warrior
 11928 | Lair:2   | Found a frozen archway.
 11968 | IceCv    | Entered an ice cave
 12150 | IceCv    | Reached ***** piety under Cheibriados
 12258 | IceCv    | Gained mutation: Your casting is slightly disrupted.
                  | [Djinni growth]
 12258 | IceCv    | Gained mutation: Your flesh is heat resistant. (rF+)
                  | [Djinni growth]
 12258 | IceCv    | Gained mutation: You have an increased reservoir of magic.
                  | (+10% MP) [Djinni growth]
 12258 | IceCv    | Gained mutation: You have a considerably increased
                  | reservoir of magic. (+20% MP) [Djinni growth]
 12258 | IceCv    | Reached XP level 12. HP: 68/100 MP: 30/30
 12511 | IceCv    | Noticed a frost giant
 12918 | IceCv    | Killed a frost giant
 13692 | Lair:2   | Found a transporter.
 13837 | Lair:2   | Found a hole to the Spider Nest.
 13860 | Lair:2   | Found a transporter.
 13877 | Lair:2   | Reached skill level 10 in Staves
 14548 | Lair:3   | Reached skill level 1 in Shields
 14561 | Lair:3   | Reached skill level 10 in Spellcasting
 14573 | Lair:3   | Learned a level 3 spell: Conjure Flame
 14659 | Lair:3   | Noticed Urug
 14700 | Lair:3   | Reached skill level 1 in Fire Magic
 14742 | Lair:3   | Noticed Kirke
 14940 | Lair:3   | Noticed an eight-headed hydra
 14959 | Lair:3   | Killed an eight-headed hydra
 15062 | Lair:3   | Reached skill level 5 in Conjurations
 15078 | Lair:3   | Killed Kirke
 15079 | Lair:3   | Reached XP level 13. HP: 107/107 MP: 32/32
 16228 | Lair:4   | Noticed Rupert
 16244 | Lair:4   | Killed Rupert
 18036 | Lair:6   | Entered Level 6 of the Lair of Beasts
 18111 | Lair:6   | Found a staircase to the Elven Halls.
 18177 | Lair:6   | Reached ****** piety under Cheibriados
 18228 | Lair:6   | Reached XP level 14. HP: 111/118 MP: 34/34
 18287 | Lair:6   | HP: 5/118 [blink frog (13)]
 18291 | Lair:6   | Slain by a cane toad

Skill      XL: |  1  2  3  4  5  6  7  8  9 10 11 12 13 14 |
---------------+-------------------------------------------+-----
Spellcasting   | 1 2 3 4 5 7 8 9 10 11 | 11.0
Fighting       | 2 3 4 5 6 7 8 9 |  9.2
Staves         | 1 3 4 6 7 8 9 10 11 | 11.1
Armour         | 1 2 3 5 6 7 8 9 |  9.2
Dodging        | 4 5 6 7 8 |  8.7
Evocations     | 2 3 4 5 6 7 8 |  8.8
Stealth        | 3 |  3.9
Invocations    | 1 3 4 6 7 |  7.8
Throwing       | 1 2 |  2.9
Conjurations   | 1 3 5 6 |  6.0
Shields        | 1 3 |  3.2
Fire Magic     | 2 4 |  4.6
Maces & Flails | |  1.8

Action                   |  1- 3 |  4- 6 |  7- 9 | 10-12 | 13-15 || total
-------------------------+-------+-------+-------+-------+-------++-------
Melee: Whip              |    58 |    94 |       |       |       ||   152
       Staff             |       |   117 |   349 |   636 |   348 ||  1450
       Unarmed           |       |       |    15 |       |       ||    15
 Fire: Blowgun           |    52 |    33 |       |       |       ||    85
Throw: Stone             |       |    12 |    13 |    31 |    46 ||   102
       Tomahawk          |       |       |       |    23 |       ||    23
 Cast: Magic Dart        |       |       |       |    26 |    37 ||    63
       Conjure Flame     |       |       |       |     1 |       ||     1
Invok: Temporal Distorti |       |       |       |     3 |     1 ||     4
       Bend Time         |       |       |       |       |     4 ||     4
Evoke: Wand              |       |     1 |       |     6 |     1 ||     8
       Phial of floods   |       |       |       |     2 |     1 ||     3
       Staff of Wucad Mu |       |       |       |     2 |       ||     2
       Box of beasts     |       |       |       |     1 |     3 ||     4
       Phantom mirror    |       |       |       |       |     1 ||     1
  Use: Scroll            |       |     9 |     4 |    11 |    13 ||    37
       Potion            |       |       |       |     8 |     5 ||    13
 Stab: Sleeping          |     3 |     4 |       |       |       ||     7
       Paralysed         |       |       |       |     8 |       ||     8
       Invisible         |       |       |       |     9 |       ||     9
       Petrified         |       |       |       |       |     3 ||     3
       Distracted        |       |       |       |       |     1 ||     1
       Petrifying        |       |       |       |       |     1 ||     1
  Eat: Chunk             |     5 |    14 |    20 |    20 |    13 ||    72
       Ration            |       |       |     1 |     3 |       ||     4
Armor: Robe              |    37 |    12 |       |       |       ||    49
       Leather armour    |       |    71 |    23 |       |       ||    94
       Skin              |       |       |     6 |     1 |       ||     7
       Chain mail        |       |       |    34 |       |       ||    34
       Scale mail        |       |       |    64 |   222 |   146 ||   432
Dodge: Dodged            |    57 |   188 |   264 |   783 |   538 ||  1830
Block: Medium shield     |       |       |       |     1 |       ||     1
